[ AOE2 MATCH · #481665500 ]
UnrankedRomans vs Jurchens
[ REPLAY ANALYSIS · EXTRACTED FROM THE RECORDED GAME ]
Feudal
9:22
Castle
21:50
Imperial
—
| APM avg | 41.3 |
| APM peak | 87 |
| eAPM avg | 13.9 |
| Villagers / military | 68 / 23 |
Focus
⚔️ 25.1% · 🌾 74.9%
Scorpion ×14 · Scout Cavalry ×6 · Spearman ×2 · Mangonel ×1
Feudal
10:43
Castle
14:26
Imperial
—
| APM avg | 37.0 |
| APM peak | 99 |
| eAPM avg | 17.7 |
| Villagers / military | 99 / 15 |
Focus
⚔️ 15.6% · 🌾 84.4%
Steppe Lancer ×15
Feudal
10:32
Castle
14:27
Imperial
—
| APM avg | 27.0 |
| APM peak | 55 |
| eAPM avg | 15.0 |
| Villagers / military | 100 / 34 |
Focus
⚔️ 20.5% · 🌾 79.5%
Knight ×27 · Monk ×3 · Scout Cavalry ×3 · Spearman ×1
Feudal
11:21
Castle
14:51
Imperial
—
| APM avg | 47.2 |
| APM peak | 85 |
| eAPM avg | 22.1 |
| Villagers / military | 77 / 32 |
Focus
⚔️ 35.8% · 🌾 64.2%
Conquistador ×27 · Missionary ×5
Feudal
12:36
Castle
16:35
Imperial
—
| APM avg | 38.6 |
| APM peak | 87 |
| eAPM avg | 19.2 |
| Villagers / military | 86 / 34 |
Focus
⚔️ 33.9% · 🌾 66.1%
Knight ×34
Feudal
8:57
Castle
19:16
Imperial
—
| APM avg | 56.2 |
| APM peak | 100 |
| eAPM avg | 20.5 |
| Villagers / military | 70 / 6 |
Focus
⚔️ 31.7% · 🌾 68.3%
Unknown (1949) ×24 · Scout Cavalry ×6
Feudal
9:23
Castle
21:10
Imperial
—
| APM avg | 25.9 |
| APM peak | 46 |
| eAPM avg | 15.1 |
| Villagers / military | 59 / 9 |
Focus
⚔️ 23.7% · 🌾 76.3%
Monk ×3 · Scout Cavalry ×3 · Spearman ×2 · Camel Scout ×1
Feudal
11:22
Castle
16:09
Imperial
—
| APM avg | 26.6 |
| APM peak | 64 |
| eAPM avg | 19.3 |
| Villagers / military | 99 / 27 |
Focus
⚔️ 29.4% · 🌾 70.6%
Steppe Lancer ×23 · Battering Ram ×4
Match map
Initial resources + every placement click. Lines = walls · curves = elevation contours. ◆ gold · ⬟ stone · ● berries · ✦ relic · ◌ wall gap
Your base· ✓ Closed at 21:50 · 36t walls · no gate
Chris.S's base· Open — unwalled flank
Wicho's base· ✓ Closed at 14:27 · 25t walls · no gate
一般入机's base· Open — unwalled flank
mung bean cake's base· ✓ Closed at 16:35 · 39t walls · no gate
安和 すばる's base· Open — unwalled flank
Obitwo's base· ✓ Closed at 21:10 · 50t walls · 1 gate(s)
b站胡某怎么还在种田's base· Open — unwalled flank
Smoothed initial terrain · ◌ = detected wall gap · hover for details
Inputs per minute
— Hympériius - - Chris.S
Build order — Hympériius
First 150 of 162 actions detected
| 0:02 | Build | House |
| 0:04 | Build | House |
| 0:04 | Create | Villager (Male) |
| 0:24 | Create | Villager (Male) |
| 0:24 | Create | Villager (Male) |
| 0:25 | Create | Villager (Male) |
| 0:25 | Create | Villager (Male) |
| 1:30 | Create | Villager (Male) |
| 1:57 | Build | Lumber Camp |
| 2:01 | Create | Villager (Male) |
| 2:19 | Build | House |
| 2:28 | Create | Villager (Male) |
| 2:55 | Create | Villager (Male) |
| 2:56 | Create | Villager (Male) |
| 2:56 | Create | Villager (Male) |
| 3:44 | Create | Villager (Male) |
| 3:59 | Build | House |
| 4:16 | Create | Villager (Male) |
| 4:16 | Create | Villager (Male) |
| 4:17 | Create | Villager (Male) |
| 4:17 | Create | Villager (Male) |
| 4:32 | Research | Loom |
| 4:56 | Create | Villager (Male) |
| 4:56 | Create | Villager (Male) |
| 4:56 | Create | Villager (Male) |
| 5:20 | Create | Villager (Male) |
| 5:28 | Create | Villager (Male) |
| 5:31 | Build | Barracks |
| 6:31 | Build | House |
| 7:12 | Research | Feudal Age |
| 7:55 | Build | Palisade Wall |
| 8:18 | Build | Mill |
| 8:24 | Build | Palisade Wall |
| 8:25 | Create | Villager (Male) |
| 8:40 | Create | Villager (Male) |
| 9:22 | Age | Feudal Age |
| 9:27 | Build | Stable |
| 9:53 | Build | Blacksmith |
| 10:09 | Build | House |
| 10:11 | Create | Villager (Male) |
| 10:23 | Research | Double-Bit Axe |
| 10:30 | Create | Scout Cavalry |
| 10:33 | Create | Villager (Male) |
| 10:41 | Build | House |
| 10:55 | Create | Scout Cavalry |
| 10:58 | Create | Villager (Male) |
| 11:10 | Create | Villager (Male) |
| 11:37 | Create | Scout Cavalry |
| 11:37 | Create | Villager (Male) |
| 11:47 | Research | Horse Collar |
| 12:05 | Create | Villager (Male) |
| 12:20 | Build | Farm |
| 12:26 | Build | Mining Camp |
| 12:33 | Create | Villager (Male) |
| 12:59 | Create | Villager (Male) |
| 13:03 | Build | House |
| 13:10 | Build | Farm |
| 13:49 | Build | Farm |
| 13:49 | Build | Farm |
| 13:49 | Build | Farm |
| 13:49 | Build | Farm |
| 13:49 | Build | Farm |
| 13:58 | Create | Scout Cavalry |
| 13:58 | Create | Villager (Male) |
| 14:02 | Create | Spearman |
| 14:27 | Create | Scout Cavalry |
| 14:27 | Create | Villager (Male) |
| 14:55 | Create | Villager (Male) |
| 14:58 | Build | Farm |
| 14:58 | Build | Farm |
| 14:58 | Build | Farm |
| 14:58 | Build | Farm |
| 14:59 | Build | Farm |
| 14:59 | Build | Farm |
| 14:59 | Build | Farm |
| 15:21 | Create | Villager (Male) |
| 15:47 | Build | Palisade Wall |
| 15:48 | Build | Palisade Wall |
| 15:49 | Build | Palisade Wall |
| 15:51 | Build | Palisade Wall |
| 16:00 | Create | Scout Cavalry |
| 16:00 | Create | Villager (Male) |
| 16:04 | Build | Palisade Wall |
| 16:10 | Build | Lumber Camp |
| 16:11 | Create | Villager (Male) |
| 16:16 | Build | House |
| 16:16 | Build | House |
| 16:32 | Create | Villager (Male) |
| 16:41 | Build | House |
| 16:43 | Build | House |
| 16:47 | Build | House |
| 16:48 | Build | House |
| 17:10 | Create | Spearman |
| 17:23 | Build | Farm |
| 17:47 | Build | Farm |
| 17:48 | Build | Farm |
| 17:48 | Build | Farm |
| 17:48 | Build | Farm |
| 17:48 | Build | Farm |
| 17:48 | Build | Farm |
| 18:03 | Build | House |
| 18:12 | Create | Villager (Male) |
| 18:17 | Build | Farm |
| 18:17 | Build | Farm |
| 18:21 | Build | Palisade Wall |
| 18:22 | Build | Palisade Wall |
| 18:22 | Build | Palisade Wall |
| 18:30 | Build | Palisade Wall |
| 18:39 | Create | Villager (Male) |
| 19:10 | Research | Castle Age |
| 19:42 | Research | Gold Mining |
| 21:29 | Create | Villager (Male) |
| 21:50 | Age | Castle Age |
| 22:03 | Build | Siege Workshop |
| 22:05 | Build | Siege Workshop |
| 22:16 | Build | Town Center |
| 22:24 | Build | Town Center |
| 22:26 | Research | Wheelbarrow |
| 22:28 | Research | Fletching |
| 22:33 | Build | University |
| 22:40 | Create | Scorpion |
| 22:40 | Create | Scorpion |
| 22:43 | Create | Villager (Male) ×5 |
| 23:00 | Build | Lumber Camp |
| 23:20 | Research | Light Cavalry (upgrade) |
| 23:20 | Research | Bloodlines |
| 23:21 | Research | Husbandry |
| 23:23 | Research | Scale Barding Armor |
| 23:55 | Build | House |
| 23:55 | Build | House |
| 23:57 | Build | House |
| 24:01 | Create | Scorpion |
| 24:01 | Create | Scorpion |
| 24:02 | Create | Scorpion |
| 24:10 | Create | Villager (Male) ×5 |
| 24:10 | Create | Villager (Male) ×5 |
| 24:46 | Create | Scorpion |
| 24:46 | Create | Scorpion |
| 24:46 | Create | Scorpion |
| 24:49 | Build | House |
| 24:51 | Build | House |
| 24:52 | Build | House |
| 25:21 | Research | Bodkin Arrow |
| 25:22 | Create | Scorpion |
| 25:22 | Create | Scorpion |
| 25:22 | Create | Scorpion |
| 25:24 | Create | Villager (Male) ×3 |
| 25:38 | Create | Mangonel |
| 25:42 | Build | House |
| 25:43 | Build | House |
Build order — Chris.S
First 150 of 211 actions detected
| 0:03 | Create | Villager (Male) |
| 0:03 | Create | Villager (Male) |
| 0:04 | Build | House |
| 0:06 | Build | House |
| 0:12 | Create | Villager (Male) |
| 0:12 | Create | Villager (Male) |
| 1:29 | Create | Villager (Male) |
| 1:29 | Create | Villager (Male) |
| 2:11 | Create | Villager (Male) |
| 2:12 | Create | Villager (Male) |
| 2:12 | Create | Villager (Male) |
| 2:43 | Create | Villager (Male) |
| 2:43 | Create | Villager (Male) |
| 2:43 | Create | Villager (Male) |
| 2:46 | Build | Lumber Camp |
| 3:05 | Create | Villager (Male) |
| 3:05 | Create | Villager (Male) |
| 3:05 | Create | Villager (Male) |
| 3:40 | Create | Villager (Male) |
| 4:05 | Create | Villager (Male) |
| 4:05 | Create | Villager (Male) |
| 4:05 | Create | Villager (Male) |
| 4:22 | Build | House |
| 4:24 | Build | House |
| 4:25 | Build | House |
| 4:47 | Research | Loom |
| 4:51 | Create | Villager (Male) |
| 5:10 | Create | Villager (Male) |
| 5:10 | Create | Villager (Male) |
| 5:10 | Create | Villager (Male) |
| 5:46 | Build | Mill |
| 5:48 | Create | Villager (Male) |
| 5:48 | Create | Villager (Male) |
| 5:48 | Create | Villager (Male) |
| 6:18 | Create | Villager (Male) |
| 6:18 | Create | Villager (Male) |
| 7:02 | Create | Villager (Male) |
| 7:02 | Create | Villager (Male) |
| 8:19 | Research | Feudal Age |
| 8:39 | Build | Mining Camp |
| 9:28 | Build | Palisade Wall |
| 9:32 | Build | Palisade Wall |
| 9:33 | Build | Palisade Wall |
| 9:33 | Build | Palisade Wall |
| 9:34 | Build | Palisade Wall |
| 9:41 | Build | Palisade Wall |
| 9:42 | Build | Palisade Wall |
| 9:42 | Build | Palisade Wall |
| 9:51 | Build | Palisade Wall |
| 10:02 | Build | Palisade Wall |
| 10:43 | Age | Feudal Age |
| 10:47 | Build | Market |
| 10:52 | Build | Blacksmith |
| 10:56 | Create | Villager (Male) |
| 10:56 | Create | Villager (Male) |
| 11:41 | Research | Castle Age |
| 11:41 | Research | Castle Age |
| 12:11 | Research | Forging |
| 12:14 | Research | Double-Bit Axe |
| 12:14 | Research | Double-Bit Axe |
| 12:17 | Research | Horse Collar |
| 12:17 | Research | Horse Collar |
| 12:28 | Create | Villager (Male) |
| 12:33 | Build | House |
| 13:25 | Build | Palisade Wall |
| 13:34 | Build | Farm |
| 14:26 | Age | Castle Age |
| 14:33 | Build | Town Center |
| 14:43 | Create | Villager (Male) |
| 15:03 | Build | Palisade Wall |
| 15:16 | Create | Villager (Male) |
| 15:31 | Create | Villager (Male) |
| 15:32 | Create | Villager (Male) |
| 15:47 | Build | Town Center |
| 15:48 | Create | Villager (Male) |
| 15:52 | Create | Villager (Male) |
| 15:56 | Build | Farm |
| 16:08 | Build | Farm |
| 16:14 | Create | Villager (Male) |
| 16:16 | Create | Villager (Male) |
| 16:20 | Build | Farm |
| 16:26 | Build | Farm |
| 16:36 | Create | Villager (Male) |
| 16:37 | Create | Villager (Male) |
| 16:44 | Build | Palisade Wall |
| 16:50 | Build | Farm |
| 16:53 | Create | Villager (Male) |
| 16:54 | Build | Farm |
| 17:04 | Build | Farm |
| 17:08 | Create | Villager (Male) |
| 17:17 | Build | Farm |
| 17:19 | Create | Villager (Male) |
| 17:31 | Build | House |
| 17:33 | Create | Villager (Male) |
| 17:36 | Build | Farm |
| 17:39 | Create | Villager (Male) |
| 17:42 | Build | Farm |
| 17:45 | Build | Farm |
| 17:51 | Build | Farm |
| 17:56 | Build | Farm |
| 18:00 | Create | Villager (Male) |
| 18:05 | Create | Villager (Male) |
| 18:08 | Build | Farm |
| 18:13 | Build | House |
| 18:16 | Create | Villager (Male) |
| 18:21 | Build | Farm |
| 18:28 | Build | Farm |
| 18:28 | Build | Farm |
| 18:41 | Build | House |
| 18:43 | Build | House |
| 18:47 | Build | Palisade Wall |
| 18:53 | Create | Villager (Male) |
| 18:54 | Create | Villager (Male) |
| 18:55 | Create | Villager (Male) |
| 18:58 | Build | Farm |
| 19:02 | Build | Palisade Wall |
| 19:04 | Build | Palisade Wall |
| 19:12 | Build | Palisade Wall |
| 19:13 | Build | Palisade Wall |
| 20:00 | Build | Palisade Wall |
| 20:14 | Create | Villager (Male) |
| 20:14 | Create | Villager (Male) |
| 20:15 | Create | Villager (Male) |
| 20:17 | Build | Farm |
| 20:17 | Build | Farm |
| 20:39 | Create | Villager (Male) |
| 20:40 | Create | Villager (Male) |
| 20:41 | Create | Villager (Male) |
| 20:41 | Create | Villager (Male) |
| 20:43 | Build | Farm |
| 20:49 | Build | Barracks |
| 20:50 | Create | Villager (Male) |
| 21:01 | Build | House |
| 21:05 | Build | Farm |
| 21:08 | Build | Farm |
| 21:13 | Create | Villager (Male) |
| 21:13 | Create | Villager (Male) |
| 21:14 | Create | Villager (Male) |
| 21:15 | Create | Villager (Male) |
| 21:21 | Build | House |
| 21:24 | Create | Villager (Male) |
| 21:25 | Create | Villager (Male) |
| 21:28 | Build | Farm |
| 21:32 | Create | Villager (Male) |
| 21:36 | Build | Farm |
| 21:36 | Build | Farm |
| 22:12 | Create | Villager (Male) |
| 22:17 | Create | Villager (Male) |
| 22:18 | Create | Villager (Male) |
| 22:33 | Build | Farm |
Build order — Wicho
First 150 of 222 actions detected
| 0:02 | Create | Villager (Male) |
| 0:02 | Create | Villager (Male) |
| 0:04 | Build | House |
| 0:05 | Build | House |
| 0:19 | Create | Villager (Male) |
| 0:19 | Create | Villager (Male) |
| 0:20 | Create | Villager (Male) |
| 0:20 | Create | Villager (Male) |
| 1:28 | Create | Villager (Male) |
| 1:28 | Create | Villager (Male) |
| 1:47 | Build | Lumber Camp |
| 2:15 | Create | Villager (Male) |
| 2:26 | Create | Villager (Male) |
| 2:27 | Create | Villager (Male) |
| 2:40 | Create | Villager (Male) |
| 3:00 | Create | Villager (Male) |
| 3:51 | Build | House |
| 4:15 | Build | Mill |
| 4:18 | Create | Villager (Male) |
| 4:19 | Create | Villager (Male) |
| 4:37 | Build | House |
| 4:43 | Build | House |
| 4:51 | Create | Villager (Male) |
| 4:52 | Create | Villager (Male) |
| 5:43 | Create | Villager (Male) |
| 5:44 | Create | Villager (Male) |
| 5:44 | Create | Villager (Male) |
| 5:50 | Build | Palisade Wall |
| 6:01 | Create | Villager (Male) |
| 6:50 | Build | Farm |
| 7:02 | Build | Palisade Wall |
| 7:10 | Build | Farm |
| 7:41 | Build | Mining Camp |
| 7:51 | Create | Villager (Male) |
| 7:55 | Build | Palisade Wall |
| 8:16 | Research | Feudal Age |
| 9:09 | Build | Palisade Wall |
| 9:21 | Create | Villager (Male) |
| 9:21 | Create | Villager (Male) |
| 9:22 | Create | Villager (Male) |
| 9:30 | Build | Palisade Wall |
| 9:36 | Build | Palisade Wall |
| 10:32 | Age | Feudal Age |
| 10:36 | Build | Market |
| 10:46 | Build | Blacksmith |
| 11:36 | Build | House |
| 11:40 | Research | Castle Age |
| 12:08 | Research | Double-Bit Axe |
| 12:15 | Build | House |
| 12:26 | Build | Palisade Wall |
| 12:28 | Build | Palisade Wall |
| 12:48 | Build | Barracks |
| 13:54 | Create | Villager (Male) |
| 14:11 | Research | Loom |
| 14:14 | Build | Palisade Wall |
| 14:15 | Build | Palisade Wall |
| 14:27 | Age | Castle Age |
| 14:28 | Build | Farm |
| 14:35 | Build | Town Center |
| 14:39 | Create | Spearman |
| 14:51 | Build | Stable |
| 14:54 | Create | Villager (Male) |
| 14:58 | Build | Palisade Wall |
| 15:19 | Create | Villager (Male) |
| 15:23 | Build | Farm |
| 15:41 | Build | Palisade Wall |
| 15:48 | Create | Scout Cavalry |
| 15:49 | Create | Scout Cavalry |
| 15:49 | Create | Scout Cavalry |
| 15:52 | Create | Villager (Male) |
| 15:52 | Create | Villager (Male) |
| 15:55 | Create | Knight |
| 15:56 | Create | Knight |
| 16:17 | Build | Palisade Wall |
| 16:19 | Create | Villager (Male) |
| 16:20 | Create | Villager (Male) |
| 16:20 | Create | Villager (Male) |
| 16:20 | Create | Villager (Male) |
| 16:37 | Build | House |
| 16:38 | Build | House |
| 16:44 | Build | Farm |
| 16:50 | Build | Farm |
| 17:02 | Create | Villager (Male) |
| 17:34 | Create | Villager (Male) |
| 17:45 | Build | Town Center |
| 17:56 | Create | Villager (Male) |
| 17:57 | Create | Villager (Male) |
| 18:05 | Create | Knight |
| 18:06 | Create | Knight |
| 18:08 | Create | Villager (Male) |
| 18:08 | Create | Villager (Male) |
| 18:09 | Create | Villager (Male) |
| 18:09 | Create | Villager (Male) |
| 18:17 | Build | Palisade Wall |
| 18:22 | Build | House |
| 18:29 | Build | Farm |
| 18:30 | Build | Farm |
| 18:34 | Research | Horse Collar |
| 18:43 | Build | Farm |
| 18:44 | Build | Farm |
| 18:57 | Create | Villager (Male) |
| 19:06 | Create | Villager (Male) |
| 19:08 | Build | Farm |
| 19:18 | Create | Villager (Male) |
| 19:20 | Build | Farm |
| 19:26 | Create | Knight |
| 19:27 | Create | Knight |
| 19:32 | Build | Farm |
| 19:37 | Create | Villager (Male) |
| 19:38 | Create | Villager (Male) |
| 19:46 | Build | Palisade Wall |
| 19:47 | Create | Villager (Male) |
| 20:05 | Build | Lumber Camp |
| 20:08 | Build | Lumber Camp |
| 20:13 | Build | Mining Camp |
| 20:13 | Create | Villager (Male) |
| 20:14 | Create | Villager (Male) |
| 20:14 | Create | Villager (Male) |
| 20:25 | Create | Villager (Male) |
| 20:26 | Create | Villager (Male) |
| 20:37 | Create | Villager (Male) |
| 20:46 | Build | Stable |
| 20:49 | Create | Villager (Male) |
| 21:06 | Create | Knight |
| 21:08 | Create | Knight |
| 21:10 | Create | Villager (Male) |
| 21:10 | Create | Villager (Male) |
| 21:12 | Build | House |
| 21:13 | Build | House |
| 21:24 | Create | Villager (Male) |
| 21:24 | Create | Villager (Male) |
| 21:30 | Create | Villager (Male) |
| 21:30 | Create | Villager (Male) |
| 21:33 | Build | Farm |
| 21:33 | Build | Farm |
| 21:33 | Build | Farm |
| 21:33 | Build | Farm |
| 21:39 | Create | Knight |
| 21:57 | Build | House |
| 21:59 | Create | Knight |
| 22:00 | Create | Knight |
| 22:09 | Create | Villager (Male) |
| 22:09 | Create | Villager (Male) |
| 22:15 | Build | Monastery |
| 22:20 | Build | House |
| 22:23 | Build | Farm |
| 22:33 | Create | Villager (Male) |
| 22:34 | Create | Villager (Male) |
| 22:34 | Create | Villager (Male) |
| 22:37 | Create | Villager (Male) |
Build order — 一般入机
First 150 of 164 actions detected
| 0:01 | Create | Villager (Male) ×4 |
| 0:02 | Build | House |
| 0:04 | Build | House |
| 1:23 | Create | Villager (Male) |
| 1:23 | Create | Villager (Male) |
| 1:57 | Create | Villager (Male) |
| 1:57 | Create | Villager (Male) |
| 2:22 | Create | Villager (Male) |
| 2:22 | Create | Villager (Male) |
| 2:29 | Create | Villager (Male) |
| 2:29 | Create | Villager (Male) |
| 2:44 | Build | Lumber Camp |
| 2:48 | Create | Villager (Male) |
| 2:48 | Create | Villager (Male) |
| 3:22 | Create | Villager (Male) |
| 3:23 | Create | Villager (Male) |
| 3:36 | Build | House |
| 3:44 | Build | House |
| 4:05 | Create | Villager (Male) ×2 |
| 4:05 | Create | Villager (Male) ×2 |
| 4:22 | Create | Villager (Male) ×2 |
| 4:22 | Create | Villager (Male) ×2 |
| 4:22 | Create | Villager (Male) ×2 |
| 5:10 | Create | Villager (Male) |
| 5:10 | Create | Villager (Male) |
| 5:17 | Create | Villager (Male) ×2 |
| 5:17 | Create | Villager (Male) ×2 |
| 6:39 | Create | Villager (Male) |
| 7:05 | Build | Mining Camp |
| 7:22 | Build | House |
| 7:24 | Create | Villager (Male) |
| 7:54 | Create | Villager (Male) |
| 8:01 | Build | Mill |
| 8:14 | Create | Villager (Male) |
| 8:24 | Create | Villager (Male) |
| 8:28 | Research | Feudal Age |
| 8:28 | Research | Feudal Age |
| 8:50 | Build | Farm |
| 8:53 | Build | Mining Camp |
| 9:01 | Build | Mining Camp |
| 9:23 | Create | Villager (Male) |
| 9:23 | Create | Villager (Male) |
| 10:43 | Build | Farm |
| 11:21 | Age | Feudal Age |
| 11:22 | Build | Market |
| 11:24 | Build | Blacksmith |
| 11:58 | Research | Double-Bit Axe |
| 11:59 | Research | Castle Age |
| 11:59 | Research | Castle Age |
| 12:57 | Research | Horse Collar |
| 13:07 | Create | Villager (Male) |
| 13:11 | Build | House |
| 14:51 | Age | Castle Age |
| 14:53 | Build | Castle |
| 14:57 | Build | Monastery |
| 15:13 | Create | Villager (Male) |
| 15:32 | Build | Farm |
| 15:33 | Build | Farm |
| 15:34 | Create | Missionary |
| 15:39 | Create | Villager (Male) |
| 15:43 | Build | Farm |
| 15:53 | Create | Villager (Male) |
| 16:08 | Create | Villager (Male) |
| 16:08 | Build | Farm |
| 16:26 | Build | Town Center |
| 16:28 | Create | Villager (Male) |
| 16:38 | Create | Conquistador |
| 16:51 | Create | Villager (Male) |
| 16:51 | Create | Conquistador |
| 16:58 | Build | Farm |
| 17:04 | Create | Conquistador |
| 17:23 | Create | Conquistador |
| 17:25 | Create | Villager (Male) |
| 17:31 | Create | Villager (Male) |
| 17:33 | Build | Farm |
| 17:41 | Build | Farm |
| 17:44 | Create | Conquistador |
| 18:03 | Build | Farm |
| 18:15 | Create | Villager (Male) |
| 18:26 | Create | Missionary |
| 18:32 | Create | Villager (Male) |
| 18:37 | Build | Farm |
| 18:39 | Build | Farm |
| 18:44 | Create | Conquistador |
| 18:44 | Create | Conquistador |
| 19:06 | Build | Farm |
| 19:08 | Create | Conquistador |
| 19:09 | Create | Conquistador |
| 19:20 | Create | Villager (Male) |
| 19:38 | Create | Conquistador |
| 19:43 | Build | Town Center |
| 20:05 | Create | Conquistador |
| 20:20 | Create | Conquistador |
| 20:23 | Create | Villager (Male) |
| 20:23 | Create | Villager (Male) |
| 20:25 | Build | Farm |
| 20:30 | Build | Farm |
| 20:36 | Create | Missionary |
| 20:50 | Create | Conquistador |
| 21:05 | Create | Conquistador |
| 21:13 | Create | Conquistador |
| 21:26 | Research | Loom |
| 21:27 | Research | Loom |
| 21:30 | Build | Monastery |
| 21:54 | Create | Conquistador |
| 22:10 | Create | Conquistador |
| 22:13 | Build | Farm |
| 22:15 | Create | Villager (Male) |
| 22:16 | Create | Villager (Male) |
| 22:40 | Create | Conquistador |
| 22:43 | Research | Padded Archer Armor |
| 22:43 | Research | Padded Archer Armor |
| 22:45 | Create | Villager (Male) |
| 22:45 | Create | Villager (Male) |
| 23:13 | Create | Conquistador |
| 23:25 | Create | Conquistador |
| 23:25 | Create | Villager (Male) |
| 23:25 | Create | Villager (Male) |
| 23:37 | Create | Villager (Male) |
| 23:38 | Create | Villager (Male) |
| 23:41 | Build | House |
| 23:41 | Build | House |
| 23:42 | Build | House |
| 23:42 | Build | House |
| 23:42 | Build | House |
| 23:42 | Build | House |
| 24:31 | Create | Conquistador |
| 24:31 | Create | Villager (Male) |
| 24:49 | Create | Conquistador |
| 25:05 | Create | Villager (Male) |
| 25:06 | Create | Conquistador |
| 25:11 | Build | Monastery |
| 25:12 | Build | Monastery |
| 25:20 | Research | Redemption |
| 25:20 | Research | Redemption |
| 25:22 | Create | Villager (Male) |
| 25:22 | Create | Villager (Male) |
| 25:26 | Build | Farm |
| 25:27 | Build | Farm |
| 25:27 | Build | Farm |
| 25:27 | Build | Farm |
| 25:27 | Build | Farm |
| 25:30 | Create | Conquistador |
| 25:30 | Create | Villager (Male) |
| 26:04 | Research | Atonement |
| 26:17 | Create | Conquistador |
| 26:17 | Create | Villager (Male) |
| 26:17 | Create | Villager (Male) |
| 26:18 | Create | Villager (Male) |
| 26:38 | Create | Villager (Male) |
Build order — mung bean cake
First 150 of 222 actions detected
| 0:01 | Create | Villager (Male) |
| 0:01 | Create | Villager (Male) |
| 0:02 | Build | House |
| 0:05 | Build | House |
| 0:05 | Create | Villager (Male) |
| 0:07 | Create | Villager (Male) |
| 1:25 | Create | Villager (Male) |
| 1:55 | Create | Villager (Male) |
| 2:33 | Create | Villager (Male) |
| 3:04 | Create | Villager (Male) |
| 3:05 | Create | Villager (Male) |
| 3:36 | Create | Villager (Male) |
| 3:39 | Create | Villager (Male) |
| 3:43 | Create | Villager (Male) |
| 3:57 | Build | Lumber Camp |
| 4:18 | Create | Villager (Male) |
| 4:26 | Create | Villager (Male) |
| 4:33 | Build | House |
| 4:42 | Create | Villager (Male) |
| 5:14 | Create | Villager (Male) |
| 5:18 | Create | Villager (Male) |
| 5:34 | Build | House |
| 5:37 | Build | Palisade Wall |
| 5:38 | Create | Villager (Male) |
| 6:27 | Create | Villager (Male) |
| 6:35 | Create | Villager (Male) |
| 6:49 | Create | Villager (Male) |
| 6:52 | Build | Mill |
| 7:12 | Create | Villager (Male) |
| 7:17 | Create | Villager (Male) |
| 7:41 | Build | Palisade Wall |
| 7:55 | Create | Villager (Male) |
| 8:11 | Create | Villager (Male) |
| 8:29 | Create | Villager (Male) |
| 8:42 | Build | Mining Camp |
| 8:43 | Create | Villager (Male) |
| 8:56 | Create | Villager (Male) |
| 9:05 | Build | Palisade Wall |
| 9:15 | Build | Lumber Camp |
| 9:22 | Create | Villager (Male) |
| 9:32 | Create | Villager (Male) |
| 9:43 | Research | Loom |
| 9:44 | Research | Feudal Age |
| 10:19 | Create | Villager (Male) |
| 10:41 | Create | Villager (Male) |
| 11:06 | Build | House |
| 11:46 | Build | Mining Camp |
| 12:30 | Create | Villager (Male) |
| 12:36 | Age | Feudal Age |
| 12:41 | Build | Market |
| 13:05 | Build | Blacksmith |
| 13:34 | Create | Villager (Male) |
| 13:55 | Research | Castle Age |
| 13:55 | Research | Castle Age |
| 14:05 | Research | Double-Bit Axe |
| 14:24 | Build | House |
| 14:26 | Build | Palisade Wall |
| 14:31 | Build | House |
| 14:38 | Build | Palisade Wall |
| 14:39 | Build | Palisade Wall |
| 14:42 | Build | Palisade Wall |
| 14:44 | Build | Palisade Wall |
| 14:46 | Build | Palisade Wall |
| 15:14 | Build | Palisade Wall |
| 15:15 | Build | Palisade Wall |
| 15:16 | Build | Palisade Wall |
| 15:17 | Build | Palisade Wall |
| 15:18 | Create | Villager (Male) |
| 15:20 | Create | Villager (Male) |
| 15:26 | Research | Horse Collar |
| 15:37 | Build | Palisade Gate |
| 15:45 | Build | Farm |
| 15:48 | Create | Villager (Male) |
| 16:02 | Create | Villager (Male) |
| 16:09 | Build | Palisade Wall |
| 16:10 | Create | Villager (Male) |
| 16:21 | Create | Villager (Male) |
| 16:29 | Build | Farm |
| 16:35 | Age | Castle Age |
| 16:42 | Research | Heavy Plow |
| 16:46 | Build | Farm |
| 16:47 | Create | Villager (Male) |
| 16:53 | Build | Farm |
| 17:00 | Create | Villager (Male) |
| 17:05 | Build | Farm |
| 17:11 | Build | Farm |
| 17:14 | Build | Farm |
| 17:33 | Build | House |
| 17:37 | Build | Palisade Wall |
| 17:39 | Build | Palisade Wall |
| 17:40 | Build | Palisade Wall |
| 17:49 | Create | Villager (Male) |
| 17:53 | Build | Farm |
| 18:05 | Build | Barracks |
| 18:18 | Create | Villager (Male) |
| 18:23 | Create | Villager (Male) |
| 18:24 | Build | Barracks |
| 18:27 | Create | Villager (Male) |
| 18:30 | Create | Villager (Male) |
| 18:37 | Build | Castle |
| 18:40 | Create | Villager (Male) |
| 18:46 | Create | Villager (Male) |
| 18:50 | Research | Bow Saw |
| 18:50 | Research | Bow Saw |
| 19:06 | Build | Farm |
| 19:21 | Build | Farm |
| 19:27 | Create | Villager (Male) |
| 19:31 | Build | Farm |
| 19:32 | Create | Villager (Male) |
| 19:37 | Build | Stable |
| 19:52 | Create | Villager (Male) |
| 19:58 | Build | Farm |
| 20:00 | Build | Mill |
| 20:02 | Create | Villager (Male) |
| 20:19 | Create | Villager (Male) |
| 20:23 | Build | Farm |
| 20:26 | Create | Villager (Male) |
| 20:31 | Create | Villager (Male) |
| 20:36 | Research | Bloodlines |
| 20:41 | Build | Farm |
| 20:42 | Build | Farm |
| 20:46 | Build | Farm |
| 20:48 | Build | Farm |
| 20:51 | Create | Villager (Male) |
| 20:59 | Create | Villager (Male) |
| 21:03 | Create | Villager (Male) |
| 21:09 | Research | Wheelbarrow |
| 21:20 | Build | Farm |
| 21:21 | Build | Farm |
| 21:23 | Build | Farm |
| 21:23 | Create | Villager (Male) |
| 21:26 | Create | Villager (Male) |
| 21:47 | Research | Szlachta Privileges |
| 21:47 | Create | Villager (Male) |
| 21:53 | Build | Stable |
| 21:59 | Create | Villager (Male) |
| 22:02 | Build | Farm |
| 22:03 | Build | Mill |
| 22:06 | Build | Farm |
| 22:07 | Create | Villager (Male) |
| 22:09 | Create | Knight |
| 22:17 | Research | Scale Barding Armor |
| 22:21 | Build | Farm |
| 22:25 | Build | Farm |
| 22:26 | Build | Farm |
| 22:28 | Build | Mill |
| 22:34 | Create | Villager (Male) |
| 22:39 | Create | Knight |
| 22:39 | Create | Knight |
| 22:43 | Build | Farm |
Build order — 安和 すばる
First 150 of 198 actions detected
| 0:02 | Build | House |
| 0:03 | Create | Villager (Male) |
| 0:04 | Build | House |
| 0:14 | Create | Villager (Male) |
| 0:23 | Create | Villager (Male) |
| 0:37 | Create | Villager (Male) |
| 1:30 | Create | Villager (Male) |
| 1:59 | Create | Villager (Male) |
| 2:36 | Create | Villager (Male) |
| 2:36 | Create | Villager (Male) |
| 2:43 | Build | Lumber Camp |
| 2:49 | Create | Villager (Male) |
| 3:18 | Create | Villager (Male) |
| 3:18 | Create | Villager (Male) |
| 3:30 | Build | House |
| 3:31 | Build | Palisade Wall |
| 4:08 | Create | Villager (Male) |
| 4:33 | Create | Villager (Male) |
| 4:40 | Create | Villager (Male) |
| 4:54 | Create | Villager (Male) |
| 5:03 | Create | Villager (Male) |
| 5:15 | Build | Mill |
| 6:22 | Create | Villager (Male) |
| 6:37 | Research | Feudal Age |
| 6:37 | Research | Feudal Age |
| 7:20 | Research | Loom |
| 7:33 | Build | Barracks |
| 7:38 | Build | House |
| 8:57 | Age | Feudal Age |
| 9:04 | Build | Stable |
| 9:08 | Research | Double-Bit Axe |
| 9:14 | Research | Horse Collar |
| 9:17 | Create | Villager (Male) |
| 9:43 | Build | House |
| 9:48 | Create | Scout Cavalry |
| 9:50 | Create | Villager (Male) |
| 10:00 | Build | House |
| 10:03 | Build | House |
| 10:09 | Create | Villager (Male) |
| 10:14 | Create | Scout Cavalry |
| 10:22 | Build | Farm |
| 10:25 | Build | Farm |
| 10:28 | Create | Scout Cavalry |
| 10:35 | Create | Villager (Male) |
| 10:54 | Build | Farm |
| 11:01 | Build | Farm |
| 11:02 | Create | Villager (Male) |
| 11:16 | Create | Villager (Male) |
| 11:23 | Create | Scout Cavalry |
| 11:33 | Build | Blacksmith |
| 11:48 | Create | Scout Cavalry |
| 11:51 | Create | Villager (Male) |
| 11:56 | Build | Farm |
| 12:09 | Create | Villager (Male) |
| 12:14 | Build | House |
| 12:15 | Build | House |
| 12:19 | Create | Scout Cavalry |
| 12:44 | Build | Farm |
| 12:45 | Create | Villager (Male) |
| 12:54 | Build | Farm |
| 13:14 | Create | Villager (Male) |
| 13:17 | Build | Mining Camp |
| 13:26 | Build | House |
| 13:35 | Build | Mining Camp |
| 13:40 | Create | Villager (Male) |
| 13:42 | Create | Villager (Male) |
| 13:46 | Build | Farm |
| 13:53 | Build | House |
| 13:54 | Build | House |
| 14:13 | Create | Villager (Male) |
| 14:15 | Build | Farm |
| 14:24 | Build | House |
| 14:34 | Create | Villager (Male) |
| 14:36 | Build | Farm |
| 14:50 | Create | Villager (Male) |
| 15:01 | Build | Mining Camp |
| 15:11 | Build | Farm |
| 15:17 | Build | Stone Wall |
| 15:41 | Create | Villager (Male) |
| 16:00 | Create | Villager (Male) |
| 16:36 | Research | Castle Age |
| 16:36 | Research | Castle Age |
| 16:41 | Research | Scale Barding Armor |
| 17:01 | Build | Farm |
| 17:01 | Build | Farm |
| 17:01 | Build | Farm |
| 17:01 | Build | Farm |
| 17:30 | Research | Bloodlines |
| 17:56 | Research | Gold Mining |
| 18:06 | Research | Stone Mining |
| 18:07 | Research | Stone Mining |
| 18:42 | Research | Wheelbarrow |
| 18:42 | Research | Wheelbarrow |
| 18:49 | Build | Stone Wall |
| 18:57 | Build | Gate |
| 19:16 | Age | Castle Age |
| 19:19 | Research | Bow Saw |
| 19:40 | Build | Castle |
| 19:55 | Research | Husbandry |
| 20:17 | Build | Farm |
| 20:17 | Build | Farm |
| 20:19 | Build | Farm |
| 20:24 | Build | Farm |
| 20:26 | Build | Farm |
| 20:39 | Create | Villager (Male) |
| 20:41 | Build | Farm |
| 20:50 | Create | Villager (Male) |
| 20:53 | Research | Forging |
| 20:59 | Research | Chain Barding Armor |
| 21:00 | Research | Chain Barding Armor |
| 21:00 | Research | Chain Barding Armor |
| 21:20 | Create | Villager (Male) |
| 21:30 | Build | Town Center |
| 21:33 | Build | Town Center |
| 21:35 | Create | Villager (Male) |
| 21:38 | Create | Unit 1949 |
| 21:57 | Create | Unit 1949 |
| 21:59 | Create | Villager (Male) |
| 22:11 | Build | Farm |
| 22:13 | Build | Farm |
| 22:14 | Create | Unit 1949 |
| 22:14 | Create | Unit 1949 |
| 22:19 | Create | Villager (Male) |
| 22:30 | Build | Farm |
| 22:31 | Create | Unit 1949 |
| 22:31 | Create | Unit 1949 |
| 22:37 | Create | Unit 1949 |
| 22:38 | Create | Unit 1949 |
| 22:48 | Create | Villager (Male) |
| 22:52 | Build | Farm |
| 22:54 | Build | Farm |
| 22:56 | Build | Farm |
| 22:58 | Create | Villager (Male) |
| 23:13 | Create | Unit 1949 |
| 23:15 | Create | Villager (Male) |
| 23:18 | Build | Lumber Camp |
| 23:19 | Create | Villager (Male) |
| 23:19 | Create | Villager (Male) |
| 23:49 | Create | Villager (Male) |
| 24:00 | Create | Villager (Male) |
| 24:02 | Create | Villager (Male) |
| 24:03 | Create | Unit 1949 |
| 24:05 | Create | Villager (Male) |
| 24:09 | Build | Town Center |
| 24:14 | Create | Unit 1949 |
| 24:15 | Create | Villager (Male) |
| 24:16 | Create | Villager (Male) |
| 24:22 | Research | Heavy Plow |
| 24:22 | Research | Heavy Plow |
| 24:38 | Create | Unit 1949 |
Build order — Obitwo
123 actions detected in the replay
| 0:01 | Create | Villager (Male) ×4 |
| 0:03 | Build | House |
| 0:05 | Build | House |
| 1:11 | Create | Villager (Male) |
| 1:11 | Create | Villager (Male) |
| 1:40 | Create | Villager (Male) |
| 1:49 | Build | Lumber Camp |
| 1:56 | Create | Villager (Male) |
| 1:56 | Create | Villager (Male) |
| 2:33 | Create | Villager (Male) |
| 3:00 | Create | Villager (Male) |
| 3:04 | Create | Villager (Male) |
| 3:52 | Build | House |
| 4:07 | Build | Palisade Wall |
| 4:13 | Create | Villager (Male) |
| 4:13 | Create | Villager (Male) |
| 4:33 | Create | Villager (Male) |
| 4:34 | Create | Villager (Male) |
| 4:40 | Create | Villager (Male) |
| 4:55 | Create | Villager (Male) |
| 5:02 | Create | Villager (Male) |
| 5:13 | Build | Palisade Wall |
| 5:21 | Build | Palisade Wall |
| 5:31 | Build | Palisade Wall |
| 5:49 | Build | Mill |
| 5:51 | Create | Villager (Male) |
| 6:29 | Research | Loom |
| 6:49 | Build | House |
| 7:13 | Research | Feudal Age |
| 7:35 | Create | Villager (Male) |
| 8:37 | Create | Villager (Male) |
| 9:06 | Build | Palisade Wall |
| 9:16 | Build | Barracks |
| 9:20 | Create | Villager (Male) |
| 9:23 | Age | Feudal Age |
| 9:59 | Create | Villager (Male) |
| 10:11 | Create | Villager (Male) |
| 10:21 | Build | Stable |
| 10:30 | Create | Spearman |
| 10:34 | Create | Villager (Male) |
| 10:39 | Build | House |
| 10:58 | Research | Double-Bit Axe |
| 11:09 | Create | Scout Cavalry |
| 11:33 | Create | Scout Cavalry |
| 11:50 | Build | House |
| 11:51 | Build | House |
| 11:55 | Create | Villager (Male) |
| 12:06 | Build | Palisade Gate |
| 12:11 | Create | Scout Cavalry |
| 12:15 | Create | Villager (Male) |
| 12:37 | Create | Villager (Male) |
| 12:42 | Build | Blacksmith |
| 12:58 | Create | Villager (Male) |
| 13:01 | Build | Farm |
| 13:01 | Build | Farm |
| 13:01 | Build | Farm |
| 13:01 | Build | Farm |
| 13:09 | Create | Villager (Male) |
| 13:37 | Create | Spearman |
| 13:38 | Create | Villager (Male) |
| 13:42 | Create | Villager (Male) |
| 13:50 | Create | Villager (Male) |
| 13:53 | Build | Farm |
| 14:07 | Create | Villager (Male) |
| 14:11 | Build | Farm |
| 14:16 | Research | Forging |
| 14:29 | Build | Farm |
| 14:54 | Build | Lumber Camp |
| 14:56 | Create | Villager (Male) |
| 15:29 | Build | Farm |
| 15:36 | Build | Mining Camp |
| 15:38 | Create | Villager (Male) |
| 15:44 | Create | Villager (Male) |
| 15:58 | Build | Farm |
| 15:59 | Research | Horse Collar |
| 16:17 | Build | House |
| 16:19 | Build | House |
| 16:25 | Build | Farm |
| 16:46 | Build | Market |
| 17:05 | Build | Farm |
| 17:06 | Build | Farm |
| 17:17 | Create | Villager (Male) |
| 17:41 | Build | Farm |
| 17:42 | Build | Farm |
| 17:53 | Build | Farm |
| 17:54 | Create | Villager (Male) |
| 17:58 | Build | Farm |
| 18:22 | Create | Villager (Male) |
| 18:29 | Research | Castle Age |
| 18:33 | Build | Farm |
| 18:41 | Research | Gold Mining |
| 19:42 | Build | Market |
| 19:45 | Create | Villager (Male) |
| 20:00 | Create | Villager (Male) |
| 20:17 | Build | Stable |
| 20:28 | Research | Bloodlines |
| 21:10 | Age | Castle Age |
| 21:13 | Build | Town Center |
| 21:24 | Create | Camel Scout |
| 21:26 | Create | Villager (Male) |
| 21:33 | Build | Monastery |
| 22:00 | Create | Monk |
| 22:03 | Create | Villager (Male) |
| 22:13 | Create | Villager (Male) |
| 22:20 | Create | Villager (Male) |
| 22:30 | Create | Villager (Male) |
| 22:32 | Build | Farm |
| 22:33 | Build | Farm |
| 22:33 | Build | Farm |
| 23:12 | Create | Monk |
| 23:13 | Create | Villager (Male) |
| 23:18 | Create | Villager (Male) |
| 23:22 | Build | Farm |
| 24:12 | Create | Villager (Male) |
| 24:33 | Create | Villager (Male) |
| 25:01 | Create | Monk |
| 25:02 | Create | Villager (Male) |
| 25:36 | Create | Villager (Male) |
| 25:36 | Create | Villager (Male) |
| 26:07 | Create | Villager (Male) |
| 26:08 | Create | Villager (Male) |
| 26:41 | Create | Villager (Male) |
| 26:42 | Create | Villager (Male) |
Build order — b站胡某怎么还在种田
First 150 of 244 actions detected
| 0:01 | Create | Villager (Male) |
| 0:02 | Create | Villager (Male) |
| 0:02 | Create | Villager (Male) |
| 0:04 | Build | House |
| 0:05 | Build | House |
| 0:10 | Create | Villager (Male) |
| 1:24 | Create | Villager (Male) |
| 1:59 | Create | Villager (Male) |
| 2:17 | Build | Lumber Camp |
| 2:30 | Create | Villager (Male) |
| 2:30 | Create | Villager (Male) |
| 2:33 | Create | Villager (Male) |
| 3:35 | Create | Villager (Male) |
| 3:39 | Create | Villager (Male) |
| 3:56 | Build | House |
| 3:57 | Build | House |
| 4:04 | Create | Villager (Male) |
| 4:17 | Create | Villager (Male) |
| 4:48 | Build | House |
| 4:49 | Build | House |
| 5:26 | Create | Villager (Male) |
| 5:33 | Create | Villager (Male) |
| 6:02 | Create | Villager (Male) |
| 6:03 | Create | Villager (Male) |
| 6:19 | Build | Mill |
| 6:22 | Create | Villager (Male) |
| 7:19 | Create | Villager (Male) |
| 7:31 | Create | Villager (Male) |
| 7:35 | Create | Villager (Male) |
| 7:51 | Create | Villager (Male) |
| 8:05 | Create | Villager (Male) |
| 8:31 | Research | Feudal Age |
| 8:56 | Build | Mining Camp |
| 9:17 | Build | Mining Camp |
| 9:32 | Research | Loom |
| 9:32 | Create | Villager (Male) |
| 9:56 | Build | Farm |
| 10:00 | Build | Farm |
| 10:02 | Create | Villager (Male) |
| 10:11 | Create | Villager (Male) |
| 11:22 | Age | Feudal Age |
| 11:23 | Build | Market |
| 11:26 | Build | Blacksmith |
| 11:32 | Build | Stone Wall |
| 11:46 | Build | Stone Wall |
| 11:52 | Research | Double-Bit Axe |
| 12:05 | Build | Stone Wall |
| 12:22 | Research | Stone Mining |
| 12:35 | Build | Stone Wall |
| 12:39 | Create | Villager (Male) |
| 12:49 | Research | Horse Collar |
| 12:58 | Build | Farm |
| 13:03 | Build | Farm |
| 13:05 | Build | Farm |
| 13:07 | Build | Farm |
| 13:09 | Build | Farm |
| 13:10 | Create | Villager (Male) |
| 13:29 | Research | Castle Age |
| 13:44 | Build | Stone Wall |
| 14:06 | Create | Villager (Male) |
| 14:06 | Create | Villager (Male) |
| 14:45 | Build | Gate |
| 15:10 | Build | Gate |
| 16:09 | Age | Castle Age |
| 16:10 | Build | Town Center |
| 16:27 | Research | Bow Saw |
| 16:28 | Research | Heavy Plow |
| 16:46 | Build | House |
| 16:47 | Build | House |
| 16:48 | Build | House |
| 16:49 | Build | House |
| 17:02 | Create | Villager (Male) |
| 17:04 | Create | Villager (Male) |
| 17:33 | Create | Villager (Male) |
| 17:33 | Create | Villager (Male) |
| 17:37 | Create | Villager (Male) |
| 17:40 | Create | Villager (Male) |
| 17:54 | Create | Villager (Male) |
| 17:56 | Build | Farm |
| 17:57 | Build | Farm |
| 17:57 | Build | Farm |
| 17:57 | Build | Farm |
| 18:03 | Create | Villager (Male) |
| 18:08 | Build | Town Center |
| 18:30 | Create | Villager (Male) |
| 18:35 | Research | Wheelbarrow |
| 18:39 | Create | Villager (Male) |
| 18:42 | Build | Farm |
| 18:44 | Build | Farm |
| 18:48 | Create | Villager (Male) |
| 18:57 | Build | Farm |
| 18:59 | Create | Villager (Male) |
| 19:03 | Build | House |
| 19:04 | Build | House |
| 19:04 | Build | House |
| 19:15 | Build | Farm |
| 19:24 | Build | Farm |
| 19:28 | Create | Villager (Male) |
| 19:33 | Create | Villager (Male) |
| 19:38 | Create | Villager (Male) |
| 19:40 | Create | Villager (Male) |
| 19:42 | Build | Farm |
| 19:49 | Build | Farm |
| 19:55 | Create | Villager (Male) |
| 19:56 | Create | Villager (Male) |
| 20:09 | Build | Farm |
| 20:11 | Create | Villager (Male) |
| 20:13 | Build | House |
| 20:13 | Build | House |
| 20:16 | Create | Villager (Male) |
| 20:31 | Build | House |
| 20:35 | Create | Villager (Male) |
| 20:45 | Build | Barracks |
| 20:48 | Create | Villager (Male) |
| 20:52 | Build | Farm |
| 20:55 | Build | Farm |
| 20:59 | Build | House |
| 21:01 | Build | House |
| 21:03 | Create | Villager (Male) |
| 21:14 | Build | Farm |
| 21:18 | Create | Villager (Male) |
| 21:18 | Create | Villager (Male) |
| 21:21 | Create | Villager (Male) |
| 21:26 | Build | Stable |
| 21:33 | Create | Villager (Male) |
| 21:40 | Create | Villager (Male) |
| 21:50 | Build | House |
| 21:51 | Build | House |
| 21:52 | Build | House |
| 21:53 | Create | Villager (Male) |
| 21:58 | Build | Stable |
| 22:01 | Create | Steppe Lancer |
| 22:04 | Create | Steppe Lancer |
| 22:05 | Create | Villager (Male) |
| 22:07 | Create | Villager (Male) |
| 22:09 | Build | Farm |
| 22:10 | Build | Farm |
| 22:13 | Create | Villager (Male) |
| 22:18 | Create | Villager (Male) |
| 22:20 | Create | Villager (Male) |
| 22:22 | Build | Stable |
| 22:28 | Create | Villager (Male) |
| 22:29 | Create | Steppe Lancer |
| 22:37 | Create | Villager (Male) |
| 22:45 | Create | Villager (Male) |
| 22:58 | Build | Farm |
| 22:58 | Build | Farm |
| 22:58 | Build | Farm |
| 22:58 | Build | Farm |
| 23:01 | Build | Farm |
Match timeline
| 3:31 | 安和 すばる · wall_segment Palisade Wall x1 |
| 4:07 | Obitwo · wall_segment Palisade Wall x8 |
| 5:13 | Obitwo · wall_segment Palisade Wall x4 |
| 5:21 | Obitwo · wall_segment Palisade Wall x5 |
| 5:31 | Obitwo · wall_segment Palisade Wall x11 |
| 5:31 | Hympériius · first_building Barracks |
| 5:37 | mung bean cake · wall_segment Palisade Wall x10 |
| 5:50 | Wicho · wall_segment Palisade Wall x5 |
| 7:02 | Wicho · wall_segment Palisade Wall x4 |
| 7:33 | 安和 すばる · first_building Barracks |
| 7:41 | mung bean cake · wall_segment Palisade Wall x10 |
| 7:55 | Hympériius · wall_segment Palisade Wall x12 |
| 7:55 | Wicho · wall_segment Palisade Wall x5 |
| 8:24 | Hympériius · wall_segment Palisade Wall x17 |
| 8:57 | 安和 すばる · age_up feudal |
| 9:04 | 安和 すばる · first_building Stable |
| 9:05 | mung bean cake · wall_segment Palisade Wall x3 |
| 9:06 | Obitwo · wall_segment Palisade Wall x22 |
| 9:09 | Wicho · wall_segment Palisade Wall x2 |
| 9:16 | Obitwo · first_building Barracks |
| 9:22 | Hympériius · age_up feudal |
| 9:23 | Obitwo · age_up feudal |
| 9:27 | Hympériius · first_building Stable |
| 9:28 | Chris.S · wall_segment Palisade Wall x1 |
| 9:30 | Wicho · wall_segment Palisade Wall x5 |
| 9:32 | Chris.S · wall_segment Palisade Wall x1 |
| 9:33 | Chris.S · wall_segment Palisade Wall x1 |
| 9:33 | Chris.S · wall_segment Palisade Wall x1 |
| 9:34 | Chris.S · wall_segment Palisade Wall x1 |
| 9:36 | Wicho · wall_segment Palisade Wall x7 |
| 9:41 | Chris.S · wall_segment Palisade Wall x1 |
| 9:42 | Chris.S · wall_segment Palisade Wall x1 |
| 9:42 | Chris.S · wall_segment Palisade Wall x1 |
| 9:51 | Chris.S · wall_segment Palisade Wall x1 |
| 10:02 | Chris.S · wall_segment Palisade Wall x1 |
| 10:21 | Obitwo · first_building Stable |
| 10:32 | Wicho · age_up feudal |
| 10:43 | Chris.S · age_up feudal |
| 11:21 | 一般入机 · age_up feudal |
| 11:22 | b站胡某怎么还在种田 · age_up feudal |
| 11:32 | b站胡某怎么还在种田 · wall_segment Stone Wall x5 |
| 11:40 | Chris.S · first_market_sell 100 food |
| 11:46 | b站胡某怎么还在种田 · wall_segment Stone Wall x20 |
| 12:05 | b站胡某怎么还在种田 · wall_segment Stone Wall x28 |
| 12:26 | Wicho · wall_segment Palisade Wall x1 |
| 12:28 | Wicho · wall_segment Palisade Wall x1 |
| 12:35 | b站胡某怎么还在种田 · wall_segment Stone Wall x4 |
| 12:36 | mung bean cake · age_up feudal |
| 12:48 | Wicho · first_building Barracks |
| 13:25 | Chris.S · wall_segment Palisade Wall x8 |
| 13:44 | b站胡某怎么还在种田 · wall_segment Stone Wall x12 |
| 14:14 | Wicho · wall_segment Palisade Wall x1 |
| 14:15 | Wicho · wall_segment Palisade Wall x1 |
| 14:26 | Chris.S · age_up castle |
| 14:26 | mung bean cake · wall_segment Palisade Wall x1 |
| 14:27 | Wicho · age_up castle |
| 14:38 | mung bean cake · wall_segment Palisade Wall x1 |
| 14:39 | mung bean cake · wall_segment Palisade Wall x1 |
| 14:42 | mung bean cake · wall_segment Palisade Wall x1 |
| 14:44 | mung bean cake · wall_segment Palisade Wall x1 |
| 14:46 | mung bean cake · wall_segment Palisade Wall x1 |
| 14:51 | Wicho · first_building Stable |
| 14:51 | 一般入机 · age_up castle |
| 14:53 | 一般入机 · first_building Castle |
| 14:57 | 一般入机 · first_building Monastery |
| 14:58 | Wicho · wall_segment Palisade Wall x1 |
| 15:03 | Chris.S · wall_segment Palisade Wall x6 |
| 15:14 | mung bean cake · wall_segment Palisade Wall x1 |
| 15:15 | mung bean cake · wall_segment Palisade Wall x1 |
| 15:16 | mung bean cake · wall_segment Palisade Wall x1 |
| 15:17 | mung bean cake · wall_segment Palisade Wall x1 |
| 15:17 | 安和 すばる · wall_segment Stone Wall x15 |
| 15:41 | Wicho · wall_segment Palisade Wall x1 |
| 15:47 | Hympériius · wall_segment Palisade Wall x1 |
| 15:48 | Hympériius · wall_segment Palisade Wall x1 |
| 15:49 | Hympériius · wall_segment Palisade Wall x1 |
| 15:51 | Hympériius · wall_segment Palisade Wall x1 |
| 16:04 | Hympériius · wall_segment Palisade Wall x3 |
| 16:09 | b站胡某怎么还在种田 · age_up castle |
| 16:09 | mung bean cake · wall_segment Palisade Wall x7 |
| 16:17 | Wicho · wall_segment Palisade Wall x1 |
| 16:35 | mung bean cake · age_up castle |
| 16:44 | Chris.S · wall_segment Palisade Wall x1 |
| 17:37 | mung bean cake · wall_segment Palisade Wall x1 |
| 17:39 | mung bean cake · wall_segment Palisade Wall x1 |
| 17:40 | mung bean cake · wall_segment Palisade Wall x1 |
| 18:04 | Wicho · first_market_sell 100 food |
| 18:05 | mung bean cake · first_building Barracks |
| 18:17 | Wicho · wall_segment Palisade Wall x1 |
| 18:21 | Hympériius · wall_segment Palisade Wall x1 |
| 18:22 | Hympériius · wall_segment Palisade Wall x1 |
| 18:22 | Hympériius · wall_segment Palisade Wall x1 |
| 18:27 | Obitwo · first_market_sell 100 wood |
| 18:30 | Hympériius · wall_segment Palisade Wall x2 |
| 18:37 | mung bean cake · first_building Castle |
| 18:47 | Chris.S · wall_segment Palisade Wall x5 |
| 18:49 | 安和 すばる · wall_segment Stone Wall x19 |
| 19:02 | Chris.S · wall_segment Palisade Wall x3 |
| 19:04 | Chris.S · wall_segment Palisade Wall x3 |
| 19:12 | Chris.S · wall_segment Palisade Wall x2 |
| 19:13 | Chris.S · wall_segment Palisade Wall x1 |
| 19:16 | 安和 すばる · age_up castle |
| 19:37 | mung bean cake · first_building Stable |
| 19:40 | 安和 すばる · first_building Castle |
| 19:46 | Wicho · wall_segment Palisade Wall x1 |
| 20:00 | Chris.S · wall_segment Palisade Wall x2 |
| 20:45 | b站胡某怎么还在种田 · first_building Barracks |
| 20:49 | Chris.S · first_building Barracks |
| 21:04 | Wicho · first_market_buy 100 food |
| 21:10 | Obitwo · age_up castle |
| 21:26 | b站胡某怎么还在种田 · first_building Stable |
| 21:33 | Obitwo · first_building Monastery |
| 21:45 | mung bean cake · first_market_buy 100 food |
| 21:50 | Hympériius · age_up castle |
| 22:03 | Hympériius · first_building Siege Workshop |
| 22:15 | Wicho · first_building Monastery |
| 23:42 | b站胡某怎么还在种田 · first_building Siege Workshop |
| 24:19 | Chris.S · first_building Stable |
| 25:23 | Wicho · wall_segment Stone Wall x6 |
| 26:01 | Hympériius · wall_segment Stone Wall x12 |
| 26:39 | b站胡某怎么还在种田 · wall_segment Palisade Wall x1 |
| 26:40 | b站胡某怎么还在种田 · wall_segment Palisade Wall x1 |
| 26:43 | b站胡某怎么还在种田 · wall_segment Palisade Wall x1 |
| 26:45 | b站胡某怎么还在种田 · wall_segment Palisade Wall x1 |
| 26:46 | Wicho · wall_segment Stone Wall x6 |
| 26:56 | 一般入机 · first_building Barracks |
| 27:19 | Obitwo · resign |
[ AI ANALYSIS · 1 CREDIT ]
What really happened in this match?
Wolo.gg analyzes every decision: build order, eco, micro, common mistakes by bracket. Personalized analysis on WhatsApp or Discord in 30 seconds.
Civ guide
Romans
Perfil
Jugador #25019416